Map: Dusk Towers

Players

State - Winner!

  • Race: Protoss Protoss
  • League: Master

VeritaS

  • Race: Zerg Zerg
  • League: Master

VOD

Have the link to the VOD?

Description

Time

  • Played on: Feb. 1, 2016, 5:05 p.m.
  • Length: 5:43
Show
View Real Time Build Order
Export as new Build Order

State Protoss - Winner!

Build Orders: 1 Gate Expand, Phoenix Opening 

Get SALT Encoding   

  12  0:02  Probe (Chrono Boost)  
  13  0:12  Probe (Chrono Boost)  
  14  0:18  Pylon  
  14  0:23  Probe (Chrono Boost)  
  15  0:37  Probe (Chrono Boost), Gateway  
  16  0:42  Assimilator  
  16  0:47  Probe (Chrono Boost)  
  17  0:58  Probe (Chrono Boost)  
  18  1:08  Probe (Chrono Boost)  
  19  1:20  Nexus  
  19  1:23  Probe (Chrono Boost)  
  20  1:32  Cybernetics Core  
  20  1:35  Probe (Chrono Boost)  
  21  1:42  Assimilator  
  21  1:46  Probe (Chrono Boost)  
  22  1:52  Pylon  
  22  1:56  Probe (Chrono Boost)  
  23  2:09  Warp Gate  
  23  2:10  Stalker (Chrono Boost)  
  23  2:14  Probe  
  26  2:27  Mothership Core  
  28  2:30  Probe  
  28  2:36  Adept (Chrono Boost)  
  31  2:40  Probe  
  32  2:48  Probe  
  33  2:51  Probe (Chrono Boost)  
  33  2:57  Stargate  
  34  2:59  Adept (Chrono Boost)  
  34  3:00  Probe (Chrono Boost)  
  34  3:03  Probe (Chrono Boost)  
  38  3:11  Probe (Chrono Boost)  
  38  3:14  Probe (Chrono Boost)  
  38  3:18  Gateway  
  38  3:19  Gateway  
  39  3:21  Probe (Chrono Boost)  
  39  3:24  Pylon  
  39  3:25  Probe (Chrono Boost)  
  41  3:32  Probe (Chrono Boost)  
  44  3:36  Twilight Council  
  44  3:37  Probe (Chrono Boost)  
  43  3:42  Phoenix (Chrono Boost)  
  43  3:44  Probe  
  43  3:46  Probe  
  47  3:53  Pylon  
  47  3:56  Probe  
  47  3:57  Probe  
  49  4:04  Phoenix (Chrono Boost)  
  49  4:07  Probe  
  49  4:09  Probe  
  53  4:18  Probe  
  53  4:22  Adept  
  53  4:23  Adept  
  53  4:24  Adept  
  60  4:26  Phoenix (Chrono Boost)  
  62  4:34  Nexus  
  62  4:39  Pylon  
  62  4:44  Pylon  
  62  4:55  Probe  
  62  4:57  Probe  
  62  4:58  Assimilator  
  64  5:01  Assimilator  
  64  5:02  Adept x3  
  64  5:06  Probe  
  70  5:09  Probe  
  72  5:15  Phoenix (Chrono Boost)  
  72  5:18  Probe  
  75  5:21  Probe  
  76  5:29  Gateway  
  76  5:31  Gateway, Probe  
Show
View Real Time Build Order
Export as new Build Order

VeritaS Zerg 

Build Orders: Hatch First 

Get SALT Encoding   

  12  0:01  Drone  
  13  0:13  Overlord  
  13  0:18  Drone  
  14  0:31  Drone x2  
  17  0:35  Drone  
  17  0:54  Hatchery  
  16  0:57  Drone  
  16  0:59  Extractor  
  16  1:03  Drone  
  17  1:16  Spawning Pool  
  16  1:23  Drone x2  
  18  1:30  Drone  
  19  1:41  Drone  
  20  1:51  Drone  
  21  2:02  Drone  
  21  2:05  Queen  
  21  2:07  Queen  
  21  2:08  Metabolic Boost  
  26  2:14  Overlord  
  26  2:34  Zergling x10  
  31  2:44  Overlord  
  31  2:50  Evolution Chamber  
  30  3:00  Overlord  
  30  3:07  Drone  
  30  3:08  Drone x2  
  30  3:09  Drone  
  34  3:15  Hatchery  
  33  3:22  Queen  
  33  3:23  Drone x2  
  37  3:41  Drone  
  37  3:42  Drone x5  
  42  4:04  Drone  
  42  4:06  Extractor  
  42  4:09  Overlord, Extractor  
  41  4:10  Extractor  
  41  4:11  Overlord  
  41  4:16  Drone x3  
  43  4:22  Lair  
  43  4:27  Queen  
  43  4:28  Overlord  
  45  4:32  Spore Crawler  
  45  4:35  Spore Crawler  
  43  4:39  Drone x9  
  52  4:45  Drone  
  52  4:46  Drone  
  54  4:57  Spore Crawler  
  54  4:58  Spore Crawler  
  52  5:05  Spore Crawler  
  51  5:14  Drone x10  
  61  5:29  Hydralisk Den  
Tags
 
Add a new tag
Caveats
  • Supply blocks, unpowered buildings, or Contaminate may cause inaccurate times.
  • Supply counts are checked every 10 seconds.